 Dungeon Crawl Stone Soup version 0.25.1-2-g60ff931df9 (webtiles) character file.

Game seed: 2407177267929687377

105 Curus the Slasher (level 4, -6/39 HPs)
             Began as a Minotaur Fighter on Sept 17, 2020.
             Mangled by a gnoll
             ... wielding a +0 halberd
              (11 damage)
             ... on level 3 of the Dungeon.
             The game lasted 00:04:52 (1677 turns).

Curus the Slasher (Minotaur Fighter)                Turns: 1677, Time: 00:04:53

Health: -6/39      AC:  6    Str: 20    XL:     4   Next: 53%
Magic:  3/3        EV:  7    Int:  6    God:
Gold:   94         SH: 10    Dex: 10    Spells: 3/3 levels left

rFire    . . .     SeeInvis .   a - +0 long sword
rCold    . . .     Gourm    .   c - +1 kite shield
rNeg     . . .     Faith    .   b - +0 scale mail
rPois    .         Spirit   .   (helmet restricted)
rElec    .         Reflect  .   (no cloak)
rCorr    .         Harm     .   (no gloves)
MR       .....                  (no boots)
Stlth    ..........             (no amulet)
HPRegen  0.13/turn              (no ring)
MPRegen  0.08/turn              (no ring)

@: mighty
A: retaliatory headbutt, horns 2
a: no special abilities


You were on level 3 of the Dungeon.
You were hungry.

You visited 1 branch of the dungeon, and saw 3 of its levels.

You collected 94 gold pieces.

Inventory:

Hand Weapons
 a - a +0 long sword (weapon)
Armour
 b - a +0 scale mail (worn)
 c - a +1 kite shield (worn)
Jewellery
 h - an uncursed ring of fire
 j - an uncursed ring of ice
Scrolls
 e - 3 scrolls of magic mapping
Potions
 g - 2 potions of curing
 i - a potion of flight
 k - a potion of heal wounds
Comestibles
 f - 5 rations


   Skills:
 - Level 3.6 Fighting
 + Level 5.9 Long Blades
 - Level 3.6 Armour
 - Level 3.6 Shields


You had 3 spell levels left.
You didn't know any spells.
Your spell library was empty.

Dungeon Overview and Level Annotations

Branches:
Dungeon (3/15)

Altars:


Innate Abilities, Weirdness & Mutations

You reflexively headbutt those who attack you in melee.
You have a pair of horns on your head.


Message History

The gnoll hits you with a +0 halberd.
You closely miss the gnoll.
The gnoll is heavily wounded.
The gnoll hits you with a +0 halberd!
Your shield and scale mail prevent you from hitting the gnoll.
The gnoll is heavily wounded.
The gnoll hits you with a +0 halberd.
You closely miss the gnoll.
The gnoll is heavily wounded.
You block the gnoll's attack.
You hit the gnoll but do no damage.
The gnoll is heavily wounded.
The gnoll hits you with a +0 halberd!
You hit the gnoll but do no damage.
The gnoll is heavily wounded.
The gnoll hits you with a +0 halberd!
* * * LOW HITPOINT WARNING * * *
You feel very mighty all of a sudden. The gnoll hits you with a +0 halberd!
You die...

#..#..........##.##.....# #.#
#..##.#'##'#####.##.....# #.#
#..##.#.##.....#.##.....# #.####
#..##.#.######.#.##.....####.....
...##.#.#......#.................
........................[......>.
...##.#..<.......................
....#.##.########################
....#.........)g@..#
....#.........####.#
....#...###...# .# +#.^#..##
#...# .# #..#..# #...# .# #..#
#.....# .# #....g..........
##.....###...... #....# ......


You could see a gnoll.

Vanquished Creatures
  A hound (D:2)
  A gnoll (D:3)
  3 adders
  2 worms (D:2)
  A dart slug (D:2)
  2 giant cockroaches (D:2)
  2 goblins
  4 hobgoblins
  5 jackals
  4 kobolds
  A ball python (D:2)
  3 bats
  A frilled lizard (D:1)
  3 rats
33 creatures vanquished.

Notes
Turn   | Place    | Note
-------+----------+-------------------------------------------
     0 | D:1      | Curus the Minotaur Fighter began the quest for the Orb.
     0 | D:1      | Reached XP level 1. HP: 19/19 MP: 0/0
   429 | D:1      | Reached skill level 3 in Long Blades
   719 | D:2      | Noticed a hound
   729 | D:2      | Killed a hound
   729 | D:2      | Reached skill level 4 in Long Blades
   729 | D:2      | Reached XP level 2. HP: 9/26 MP: 1/1
   729 | D:2      | Reached XP level 3. HP: 11/31 MP: 2/2
  1238 | D:2      | Reached skill level 5 in Long Blades
  1486 | D:2      | You fall into a shaft and drop 1 floor!
  1537 | D:3      | Reached XP level 4. HP: 38/39 MP: 3/3
  1677 | D:3      | Mangled by a gnoll

Illustrated notes

Levels and vault maps discovered:
D:1:      wander_arrival_lonely_grave, layout_loops_cross
D:2:      layout_basic, overflow_temple_1_default, minmay_misc_feat_hallway,
          chequers_avenue
D:3:      layout_basic, lemuel_coloured_pillars_altar, gammafunk_ghost_grave,
          hangedman_decor_growths, minmay_cut_off

Skill      XL: |  1  2  3 |
---------------+----------+-----
Long Blades    | 4 5 |  5.9
Fighting       | |  3.6
Armour         | |  3.6
Shields        | |  3.6

Action                   |  1- 3 |  4- 6 || total
-------------------------+-------+-------++-------
Melee: Long sword        |    74 |    32 ||   106
       Headbutt          |    11 |     4 ||    15
  Use: Potion            |     5 |     1 ||     6
       Scroll            |     4 |       ||     4
  Eat: Chunk             |     2 |       ||     2
Armor: Scale mail        |    25 |     8 ||    33
Dodge: Dodged            |    21 |     6 ||    27
Block: Kite shield       |    24 |    18 ||    42
       Rpst.: Long sword |     7 |     3 ||    10
